 Dungeon Sprint DCSS version 0.28-a0-239-g68911e0c57 (webtiles) character file.

Game seed: 17842493386637203961

30837 MikeHunt the End of an Era (level 13, -18/104 (116) HPs)
             Began as a Demonspawn Artificer on Aug 23, 2021.
             Was the Champion of Qazlal.
             Demolished by Donald (23 damage)
             ... in the Dungeon (Sprint VII: "The Pits").
             The game lasted 00:18:27 (3106 turns).

MikeHunt the End of an Era (Demonspawn Artificer)   Turns: 3106, Time: 00:18:27

HP:   -18/104 (116) AC: 21    Str: 16    XL:     13   Next: 22%
MP:   8/26          EV: 17    Int: 13    God:    Qazlal [******]
Gold: 56            SH: 13    Dex: 15    Spells: 12/12 levels left

rFire   . . .      SeeInvis +   p - +5 great sword
rCold   . . .      Faith    .   (shield currently unavailable)
rNeg    + . .      Spirit   .   A - quicksilver dragon scales
rPois   .          Reflect  +   (helmet unavailable)
rElec   .          Harm     .   q - +0 cloak
rCorr   .          Rampage  .   (no gloves)
Will    +....      NoTele   +   (no boots)
Stlth   +.........              r - amulet of reflection
HPRegen 0.27/turn               s - ring of positive energy
MPRegen 0.20/turn               (no ring)

@: protected from physical damage, heavily drained, repel missiles
A: antennae 3, slimy green scales 1, powered by death 1, powered by pain 2
a: Renounce Religion, Upheaval, Elemental Force, Disaster Area


You were in the Dungeon.
You worshipped Qazlal.
Qazlal was exalted by your worship.
You visited 1 branch You collected 56 gold pieces.

Inventory:

Hand Weapons
 a - a +2 falchion
 p - a +5 great sword (weapon)
Missiles
 k - 4 javelins
 n - 2 throwing nets
 o - 20 silver javelins
Armour
 m - a +3 scale mail
 q - a +0 cloak (worn)
 A - quicksilver dragon scales (worn)
Jewellery
 r - an amulet of reflection (around neck)
 s - a ring of positive energy (left hand)
 u - a ring of fire
Wands
 b - a wand of acid (2)
 c - a wand of flame (5) (quivered)
 d - a wand of charming (12)
 t - a wand of paralysis (11)
Scrolls
 v - 4 scrolls of identify
 w - 4 scrolls of enchant weapon
 x - a scroll of fog
 y - 2 scrolls of enchant armour
Potions
 f - 8 potions of curing
 g - 5 potions of heal wounds
 h - a potion of haste
 i - 2 potions of magic
 j - 2 potions of berserk rage
 l - a potion of invisibility
 z - a potion of might
Miscellaneous
 e - a piece from Xom's chessboard (15/15)
 B - a phial of floods
 C - a phantom mirror


   Skills:
 + Level 15.2 Fighting
 * Level 14.7 Long Blades
 + Level 4.2 Throwing
 + Level 13.6 Armour
 + Level 14.0 Dodging
 - Level 0.8 Stealth
 + Level 19.0 Invocations
 - Level 8.6 Evocations


You had 12 spell levels left.
You didn't know any spells.
Your spell library contained the following spells:

 Spells                   Type           Power      Damage    Failure   Level
 Corona                   Hex            0%         N/A       43%         1
 Ensorcelled Hibernation  Hex/Ice        0%         N/A       58%         2
 Tukima's Dance           Hex            0%         N/A       82%         3
 Cause Fear               Hex            0%         N/A       99%         4
 Lee's Rapid Deconstruct  Erth           0%         3d5*      100%        5
 Iron Shot                Conj/Erth      0%         9d1       100%        6
 Dragon Form              Tmut           0%         N/A       100%        7
 Dragon's Call            Summ           0%         N/A       100%        9
 Shatter                  Erth           0%         3d5*      100%        9


Dungeon Overview and Level Annotations

Branches:
Dungeon (1/1)

Altars:
Ashenzari
Cheibriados
Dithmenos
Elyvilon
Fedhas
Gozag
Hepliaklqana
Kikubaaqudgha
Makhleb
Nemelex Xobeh
Okawaru
Qazlal
Ru
Sif Muna
Trog
Uskayaw
Vehumet
Wu Jian
Xom
Yredelemnul
Zin
The Shining One
Beogh
Jiyva
Lugonu

Annotations:
D Donald


Innate Abilities, Weirdness & Mutations

You have a pair of large antennae on your head. (SInv)
You are partially covered in slimy green scales. (AC +2)
You regenerate a little health from kills.
You sometimes gain power by taking damage.


Message History

You slash Donald!
Donald is severely wounded.
Donald gestures wildly while chanting.
Donald seems to speed up.
Donald blocks your attack.
Donald is severely wounded.
Donald says, "I hate storms."
Donald gestures wildly while chanting.
Donald seems to grow stronger.
Donald says, "Why would someone put a sword in a little box?"
Donald completely misses you.
You slice Donald!!
Donald is almost dead.
Donald hits you with a +4 eveningstar of draining!!
You partially resist.
You feel drained.
You completely miss Donald.
Donald is almost dead.
Donald winces.
Donald hits you with a +4 eveningstar of draining!!
You feel protected from physical attacks.
You partially resist.
You feel drained.
Donald hits you with a +4 eveningstar of draining!!
* * * LOW HITPOINT WARNING * * *
You focus on the pain.
You feel your power returning. You partially resist.
You feel drained.
* * * LOW HITPOINT WARNING * * *
Unknown command.
Unknown command.
Unknown command.
Okay, then.
Unknown command.
Nature churns violently around you!
Donald hits you with a +4 eveningstar of draining!
* * * LOW HITPOINT WARNING * * *
You feel more protected from physical attacks.
You partially resist.
You feel drained. Nature churns violently around you!
Donald hits you but does no damage. You partially resist.
Donald hits you with a +4 eveningstar of draining!!
You die...

#############..#....#..
...........''......≈.≈.
...........''≈...§.≈≈..
##########..##..#.≈§§#..
.#[#.#.#.#..##.≈.≈§§.... {
#|#.#.#.##..##....§..... { {
.#.#.#[#.#..####..####+
#†#.#.#.##..####'○####++#########
.#.#.#.#.#..##..@..≈##...........
##########..##.#@##.##...........
............##.#.○ .##.)#########
............## +§≈# ##..#
#''########## #}§+ #..#
#''########## +[)# #..# {{
........##..# ##+# #..#
.#......##..# #..# {{
........''..# #..#


You could see Donald (fast, strong).

Vanquished Creatures
  A titan (D)
  A sphinx (D)
  A nagaraja (D)
  A ghost moth (D)
  An ophan (D)
  2 minotaurs (D)
  A naga warrior (D)
  Harold (D)
  A hydra (D)
  A vault guard (D)
  3 two-headed ogres (D)
  A hell hog (D)
  2 alligators (D)
  An orc high priest (D)
  Urug (D)
  A sun demon (D)
  A soul eater (D)
  A sixfirhy (D)
  A deep elf zephyrmancer (D)
  A lindwurm (D)
  2 deep elf pyromancers (D)
  An orc knight (D)
  A wolf spider (D)
  A slime creature (D)
  3 elephants (D)
  A black mamba (D)
  2 cane toads (D)
  2 orange demons (D)
  A gargoyle (D)
  A yaktaur (D)
  2 freezing wraiths (D)
  2 jumping spiders (D)
  2 merfolk (D)
  A hornet (D)
  5 dream sheep (D)
  5 blink frogs (D)
  2 snapping turtles (D)
  2 spriggans (D)
  2 wraiths (D)
  A water elemental (D)
  2 ynoxinuls (D)
  A basilisk (D)
  A chaos spawn (D)
  2 nagas (D)
  A water moccasin (D)
  A floating eye (D)
  2 sky beasts (D)
  5 orc warriors (D)
  A wolf (D)
  An ogre (D)
  A centaur (D)
  5 killer bees (D)
  5 wights (D)
  An orc wizard (D)
  A mummy (D)
  2 ufetubi (D)
  An adder zombie (D)
  3 orcs (D)
  2 ball pythons (D)
  2 endoplasms (D)
  A goblin (D)
  3 jackals (D)
  A quokka (D)
  A ball python skeleton (D)
  A bat (D)
  A frilled lizard (D)
  A kobold (D)
112 creatures vanquished.

Vanquished Creatures (collateral kills)
  A necrophage (D)
1 creature vanquished.

Vanquished Creatures (others)
  A balrug (D)
1 creature vanquished.

Grand Total: 114 creatures vanquished

Notes
Turn   | Place    | Note
-------+----------+-------------------------------------------
     0 | D        | MikeHunt the Demonspawn Artificer began the quest for the
                  | Orb.
     0 | D        | Reached XP level 1. HP: 15/15 MP: 1/1
    16 | D        | Found a bloodstained altar of Trog.
    16 | D        | Found a shimmering blue altar of Sif Muna.
    16 | D        | Found a viscous altar of Jiyva.
    16 | D        | Found a hazy altar of Hepliaklqana.
    16 | D        | Found an opulent altar of Gozag.
    17 | D        | Found a basalt altar of Yredelemnul.
    17 | D        | Found a shimmering altar of Xom.
    17 | D        | Found an ornate altar of the Wu Jian Council.
    17 | D        | Found a sacrificial altar of Ru.
    17 | D        | Found a stormy altar of Qazlal.
    17 | D        | Found an iron altar of Okawaru.
    17 | D        | Found a sparkling altar of Nemelex Xobeh.
    17 | D        | Found a burning altar of Makhleb.
    17 | D        | Found a blossoming altar of Fedhas.
    17 | D        | Found a shadowy altar of Dithmenos.
    17 | D        | Found a snail-covered altar of Cheibriados.
    18 | D        | Found a radiant altar of Vehumet.
    18 | D        | Found a corrupted altar of Lugonu.
    19 | D        | Found a hide-covered altar of Uskayaw.
    19 | D        | Found an ancient bone altar of Kikubaaqudgha.
    19 | D        | Found a broken altar of Ashenzari.
    22 | D        | Became a worshipper of Qazlal Stormbringer
    62 | D        | Reached * piety under Qazlal
    63 | D        | Reached skill level 1 in Long Blades
    63 | D        | Reached skill level 1 in Invocations
    67 | D        | Reached skill level 2 in Invocations
    78 | D        | Gained mutation: You have a pair of small antennae on your
                  | head. [demonic ancestry]
    78 | D        | Reached XP level 2. HP: 20/21 MP: 3/3
    78 | D        | Reached ** piety under Qazlal
    79 | D        | Reached skill level 3 in Invocations
   191 | D        | Reached skill level 1 in Dodging
   191 | D        | Noticed a water moccasin
   191 | D        | Noticed a floating eye
   191 | D        | Paralysed by a floating eye for 4 turns
   194 | D        | Killed a floating eye
   194 | D        | Reached *** piety under Qazlal
   195 | D        | Reached skill level 5 in Invocations
   195 | D        | Reached skill level 5 in Evocations
   195 | D        | Reached XP level 3. HP: 20/29 MP: 5/7
   195 | D        | Gained mutation: You regenerate a little health from kills.
                  | [demonic ancestry]
   195 | D        | Reached XP level 4. HP: 25/35 MP: 5/8
   204 | D        | Killed a water moccasin
   205 | D        | Reached skill level 6 in Invocations
   205 | D        | Reached XP level 5. HP: 28/43 MP: 2/10
   326 | D        | Noticed a deep elf zephyrmancer
   329 | D        | Killed a deep elf zephyrmancer
   330 | D        | Reached skill level 5 in Dodging
   330 | D        | Reached skill level 9 in Invocations
   330 | D        | Reached XP level 6. HP: 53/53 MP: 6/12
   330 | D        | Gained mutation: You have a pair of antennae on your head.
                  | [demonic ancestry]
   330 | D        | Reached XP level 7. HP: 59/59 MP: 6/13
   339 | D        | Noticed an orange demon
   345 | D        | Killed an orange demon
   461 | D        | Noticed a jumping spider
   464 | D        | Killed a jumping spider
   464 | D        | Noticed Harold
   465 | D        | Reached skill level 5 in Armour
   465 | D        | Reached skill level 10 in Invocations
   465 | D        | Reached XP level 8. HP: 67/67 MP: 10/15
   472 | D        | Killed Harold
   473 | D        | Reached skill level 11 in Invocations
   475 | D        | Noticed an orange demon
   485 | D        | Reached **** piety under Qazlal
   495 | D        | Killed an orange demon
   496 | D        | Gained mutation: You are partially covered in slimy green
                  | scales. (AC +2) [demonic ancestry]
   496 | D        | Reached XP level 9. HP: 38/75 MP: 6/17
   693 | D        | Noticed a lindwurm
   693 | D        | Noticed an orc knight
   697 | D        | Noticed a deep elf pyromancer
   697 | D        | Killed a lindwurm
   698 | D        | Reached skill level 12 in Invocations
   699 | D        | Killed a deep elf pyromancer
   702 | D        | Killed an orc knight
   703 | D        | Reached skill level 10 in Fighting
   704 | D        | Reached skill level 13 in Invocations
   704 | D        | Reached XP level 10. HP: 79/85 MP: 7/19
   709 | D        | Noticed a minotaur
   735 | D        | Noticed a vault guard
   744 | D        | Killed a minotaur
   745 | D        | Reached skill level 10 in Long Blades
   745 | D        | Killed a vault guard
   746 | D        | Reached skill level 10 in Dodging
   747 | D        | Reached skill level 14 in Invocations
   841 | D        | Reached ***** piety under Qazlal
   851 | D        | Noticed a gargoyle
   852 | D        | Noticed a two-headed ogre
   893 | D        | Killed a two-headed ogre
   894 | D        | Reached skill level 10 in Armour
   894 | D        | Gained mutation: You have a pair of large antennae on your
                  | head. (SInv) [demonic ancestry]
   894 | D        | Reached XP level 11. HP: 57/95 MP: 0/22
   985 | D        | Reached skill level 15 in Invocations
  1336 | D        | Noticed a two-headed ogre
  1340 | D        | Killed a two-headed ogre
  1350 | D        | Noticed a two-headed ogre
  1360 | D        | Killed a two-headed ogre
  1360 | D        | Reached ****** piety under Qazlal
  1401 | D        | Got the Catalogue of Earth
  1745 | D        | Noticed an orc high priest
  1753 | D        | Killed an orc high priest
  1754 | D        | Reached skill level 16 in Invocations
  1864 | D        | Noticed a ghost moth
  1870 | D        | Killed a ghost moth
  2196 | D        | Noticed a nagaraja
  2220 | D        | Killed a nagaraja
  2237 | D        | Noticed a deep elf pyromancer
  2240 | D        | Killed a deep elf pyromancer
  2241 | D        | Gained mutation: You sometimes gain a little power by
                  | taking damage. [demonic ancestry]
  2241 | D        | Reached XP level 12. HP: 104/105 MP: 19/24
  2546 | D        | Reached skill level 17 in Invocations
  2551 | D        | Noticed a hell hog
  2554 | D        | Killed a hell hog
  2555 | D        | Noticed a naga warrior
  2555 | D        | Noticed an ophan
  2564 | D        | Noticed a balrug
  2566 | D        | Killed an ophan
  2569 | D        | Killed a balrug
  2573 | D        | Identified the +9 lajatang of Cowardice {vorpal, rPois
                  | Stlth+}
  2573 | D        | Noticed a minotaur
  2592 | D        | Killed a minotaur
  2593 | D        | Reached skill level 18 in Invocations
  2597 | D        | Noticed Urug
  2605 | D        | Killed a naga warrior
  2617 | D        | Killed Urug
  2890 | D        | Noticed a six-headed hydra
  2893 | D        | Killed a six-headed hydra
  2894 | D        | Reached skill level 1 in Throwing
  3095 | D        | Found the +7 mace of Variability {chain chaos}
  3095 | D        | Noticed Donald
  3095 | D        | Noticed a sphinx
  3095 | D        | Noticed a titan
  3095 | D        | Noticed an alligator
  3095 | D        | Noticed an alligator
  3096 | D        | Killed an alligator
  3096 | D        | Killed an alligator
  3097 | D        | Gained mutation: You sometimes gain power by taking damage.
                  | [demonic ancestry]
  3097 | D        | Reached XP level 13. HP: 114/114 MP: 17/26
  3098 | D        | Killed a titan
  3099 | D        | Reached skill level 15 in Fighting
  3099 | D        | Killed a sphinx
  3100 | D        | Reached skill level 19 in Invocations
  3105 | D        | HP: 5/105 [Donald (8)]
  3106 | D        | Demolished by Donald

Illustrated notes

Levels and vault maps discovered:
D:        pitsprint [storerooms_1, entrance_room_1, metal_vault_6, armoury_1,
          mini_pit_1, grid_room_1, main_hall_1, silver_pit, the_coven_3,
          the_vestibule_1, steel_vault_3, golden_pit, hallway_of_sentries,
          crystal_vault_4, iron_vault_5, final_vault]

Skill      XL: |  1  2  3  4  5  6  7  8  9 10 11 12 13 |
---------------+----------------------------------------+-----
Evocations     | 4 5 6 8 |  8.6
Long Blades    | 1 3 4 6 7 8 9 11 12 14 | 14.7
Invocations    | 2 5 6 9 10 11 13 14 16 18 19 | 19.0
Dodging        | 3 4 5 6 7 9 10 12 13 14 | 14.0
Fighting       | 3 4 6 7 8 10 11 13 14 15 | 15.2
Armour         | 4 5 6 8 10 11 13 | 13.6
Throwing       | 3 4 |  4.2
Stealth        | |  0.8

Action                   |  1- 3 |  4- 6 |  7- 9 | 10-12 | 13-15 || total
-------------------------+-------+-------+-------+-------+-------++-------
Melee: Falchion          |    18 |     2 |    40 |    49 |       ||   109
       Great sword       |       |       |       |   138 |     5 ||   143
Invok: Upheaval          |       |     2 |    11 |    42 |     3 ||    58
       Disaster Area     |       |       |       |       |     2 ||     2
Evoke: Wand              |     2 |     3 |     2 |     6 |       ||    13
  Use: Potion            |     1 |       |     2 |    10 |       ||    13
       Scroll            |       |       |       |     1 |       ||     1
Armor: Leather armour    |     7 |     2 |       |       |       ||     9
       Scale mail        |       |       |    23 |    27 |       ||    50
       Quicksilver drago |       |       |       |    31 |     1 ||    32
Dodge: Dodged            |    16 |     2 |    14 |   111 |     1 ||   144
       Repelled          |       |       |       |     1 |       ||     1
Block: Other             |       |       |     9 |   108 |     3 ||   120
       Reflection        |       |       |       |     1 |       ||     1
       Rpst.: Falchion   |     9 |       |     3 |    10 |       ||    22
       Great sword       |       |       |       |    30 |       ||    30

Table legend: (Time is in decaauts)
 A = Elapsed time spent in this place.
 B = Non-inter-level travel time spent in this place.
 C = Inter-level travel time spent in this place.
 D = Time resting spent in this place.
 E = Time spent auto-exploring this place.
 F = Levels seen in this place.
 G = Mean time per level.
                   A        B        C        D        E       F      G
               +--------+--------+--------+--------+--------+-----+--------+
         Total |   3118 |   3090 |     28 |   1910 |      0 |   1 | 3118.0 |
       Dungeon |   3118 |   3090 |     28 |   1910 |      0 |   1 | 3118.0 |
               +--------+--------+--------+--------+--------+-----+--------+

Top non-repeatable levels by time:
       D: 3118 daAuts
